 Dungeon Crawl Stone Soup version 0.31-a0-263-ge8cad7f256 (webtiles) character file.

Game seed: 8600034025992978085

2000 Gelion the Ruffian (level 9, -6/84 HPs)
             Began as a Troll Shapeshifter on July 14, 2023.
             Mangled by a +1 spectral quarterstaff (15 damage)
             ... created by Joseph
             ... on level 7 of the Dungeon.
             The game lasted 00:09:14 (4818 turns).

Gelion the Ruffian (Troll Shapeshifter)             Turns: 4818, Time: 00:09:14

Health: -6/84      AC:  4    Str: 25    XL:     9   Next: 2%
Magic:  8/8        EV: 11    Int:  4    God:
Gold:   467        SH:  0    Dex: 14    Spells: 8/8 levels left

rFire   . .          .
                       - Unarmed
rCold   . . .        (no shield)
rNeg    . . .        a - +0 animal skin
rPois   .            (helmet currently unavailable)
rElec   .            (cloak currently unavailable)
rCorr   +            (gloves unavailable)
SInv    .            (boots unavailable)
Will    +....        v - amulet of the acrobat
Stlth   +            u - ring of resist corrosion
HPRegen 1.14/turn    z - ring of willpower
MPRegen 0.11/turn

%: acrobat
@: beast-form
A: beast (slay +4), large, unfitting armour, claws 3, regeneration 1, shaggy fur
1, tough skin 1
a: Begin Untransformation


You were on level 7 of the Dungeon.
You were a hulking beast.
You visited 1 branch of the dungeon, and saw 7 of its levels.

You collected 467 gold pieces.

Inventory:

Armour
 a - a +0 animal skin (worn)
 B - a +2 cloak
 C - a +1 hat
Jewellery
 u - a ring of resist corrosion (left claw)
 v - an amulet of the acrobat (around neck)
 z - a ring of willpower (right claw)
 A - a ring of ice
Talismans
 c - a beast talisman
Wands
 l - a wand of digging (5)
 n - a wand of flame (17)
 p - a wand of iceblast (27)
 D - a wand of polymorph (4)
Scrolls
 d - a scroll of noise {unknown}
 e - 2 scrolls of brand weapon {unknown}
 g - 2 scrolls of poison {unknown}
 h - a scroll of silence {unknown}
 i - a scroll of torment {unknown}
 m - 2 scrolls of revelation {unknown}
 o - 7 scrolls of identify {unknown}
 q - a scroll of enchant armour {unknown}
 r - a scroll of blinking {unknown}
 t - 2 scrolls of fog {unknown}
 w - 3 scrolls of immolation {unknown}
 x - 2 scrolls of vulnerability {unknown}
 y - a scroll of butterflies {unknown}
Potions
 b - 3 potions of lignification
 f - 2 potions of brilliance {unknown}
 j - 3 potions of curing {unknown}
 k - 4 potions of heal wounds {unknown}
 s - 2 potions of mutation {unknown}


   Skills:
 + Level 4.1 Fighting
 + Level 4.1 Dodging
 * Level 7.1 Unarmed Combat
 * Level 6.5 Shapeshifting


You had 8 spell levels left.
You didn't know any spells.
Your spell library contained the following spells:

 Spells                   Type           Power      Damage    Failure   Level
 Sandblast                Erth           0%         2d4       50%         1
 Shock                    Conj/Air       0%         1d3       50%         1
 Passwall                 Tmut/Erth      0%         N/A       65%         2
 Dazzling Flash           Conj/Hex       0%         N/A       86%         3
 Stone Arrow              Conj/Erth      0%         3d7       86%         3
 Swiftness                Air            0%         N/A       86%         3
 Airstrike                Air            0%         2d(0-16)  99%         4
 Agony                    Necr           0%         N/A       100%        5
 Silence                  Hex/Air        0%         N/A       100%        5


Dungeon Overview and Level Annotations

Branches:
Dungeon (7/15)             Temple (0/1) D:7

Altars:
Cheibriados
Dithmenos
Elyvilon
Fedhas
Hepliaklqana
Qazlal
Wu Jian
The Shining One

Annotations:
D:7 Joseph


Innate Abilities, Weirdness & Mutations

You are a hulking beast.
Your limbs bulge with bestial killing power. (Slay +4)
You are too large for most types of armour.
You have claws for hands.
Your natural rate of healing is unusually fast.
You are covered in fur. (AC +1)
You have tough skin. (AC +1)


Message History

Joseph is nearby!
Joseph is nearby!
Joseph shouts!
Joseph unwields a +1 spectral quarterstaff.
Joseph wields a +0 sling.
Joseph shoots a sling bullet.
The sling bullet closely misses you.
Joseph zaps a wand.
The puff of flame misses you.
Joseph unwields a +0 sling.
Joseph wields a +1 spectral quarterstaff.
Joseph hits you with a +1 spectral quarterstaff!
The +1 spectral quarterstaff hits you.
A +1 spectral quarterstaff comes into view.
You claw Joseph!
Joseph is lightly wounded.
You claw Joseph!
Joseph is moderately wounded.
Joseph hits you with a +1 spectral quarterstaff!
The +1 spectral quarterstaff hits you but does no damage.
You mangle Joseph!!
Joseph is severely wounded.
Joseph hits you with a +1 spectral quarterstaff!!
The +1 spectral quarterstaff barely misses you.
You claw Joseph!
Joseph is severely wounded.
Joseph hits you with a +1 spectral quarterstaff!!
* * * LOW HITPOINT WARNING * * *
The +1 spectral quarterstaff hits you!
* * * LOW HITPOINT WARNING * * *
You closely miss Joseph.
Joseph is severely wounded.
The +1 spectral quarterstaff completely misses you.
The +1 spectral quarterstaff closely misses you.
Joseph closely misses you.
The +1 spectral quarterstaff barely misses you.
You closely miss Joseph.
Joseph is severely wounded.
Joseph hits you with a +1 spectral quarterstaff.
* * * LOW HITPOINT WARNING * * *
The +1 spectral quarterstaff hits you!
You die...

##......#............##
........##...#..##..##
........####.#..#####
........###.....#
#..............##
..........##..####
....###..#.......####.##
...## #####......(......
...## #.....h@......
....# .........>!....#
....####.###...........#
.........##...........##
....###.###......(...##
....## #.........###
.....# .........##
....## ####.....# ...##


You could see Joseph and a +1 spectral quarterstaff (wandering).

Vanquished Creatures
  A wyvern (D:7)
  Menkaure (D:5)
  3 ice beasts
  An orc warrior (D:6)
  2 ogres
  2 phantoms (D:5)
  2 bullfrogs
  3 scorpions
  An electric eel (D:6)
  A jelly (D:5)
  3 orc priests
  Crazy Yiuf (D:5)
  3 hounds (D:5)
  An iron imp (D:6)
  2 sleepcaps
  Jessica (D:3)
  Ijyb (D:5)
  3 orc wizards
  7 gnolls
  7 adders
  A shadow imp (D:5)
  A white imp (D:6)
  4 worms
  A dart slug (D:4)
  12 orcs
  4 bats (D:1)
  4 endoplasms
  5 giant cockroaches
  6 goblins
  10 hobgoblins
  12 jackals
  7 kobolds
  7 quokkas
  10 ball pythons
  3 frilled lizards
  8 rats
141 creatures vanquished.

Notes
Turn   | Place    | Note
-------+----------+-------------------------------------------
     0 | D:1      | Gelion the Troll Shapeshifter began the quest for the Orb.
     0 | D:1      | Reached XP level 1. HP: 19/19 MP: 0/0
   152 | D:1      | Reached XP level 2. HP: 28/28 MP: 1/1
   673 | D:2      | Reached XP level 3. HP: 32/35 MP: 2/2
   870 | D:2      | Found a faded altar of an unknown god.
   984 | D:2      | Reached skill level 3 in Unarmed Combat
   984 | D:2      | Reached XP level 4. HP: 41/42 MP: 3/3
  1365 | D:3      | Noticed a scorpion
  1374 | D:3      | Killed a scorpion
  1375 | D:3      | Reached XP level 5. HP: 20/49 MP: 4/4
  1550 | D:3      | Found a shadowy altar of Dithmenos.
  1791 | D:3      | Noticed Jessica
  1803 | D:3      | Killed Jessica
  2122 | D:4      | Reached XP level 6. HP: 33/59 MP: 5/5
  2240 | D:4      | Reached skill level 4 in Unarmed Combat
  2252 | D:4      | Found a stormy altar of Qazlal.
  2913 | D:5      | Entered Level 5 of the Dungeon
  2957 | D:5      | Reached XP level 7. HP: 47/66 MP: 6/6
  3013 | D:5      | Reached skill level 5 in Unarmed Combat
  3013 | D:5      | Reached skill level 5 in Shapeshifting
  3067 | D:5      | Noticed Menkaure
  3073 | D:5      | Killed Menkaure
  3105 | D:5      | Found a blossoming altar of Fedhas.
  3118 | D:5      | Reached XP level 8. HP: 70/75 MP: 7/7
  3144 | D:5      | Noticed Ijyb
  3157 | D:5      | Killed Ijyb
  3190 | D:5      | You fall into a shaft and drop 2 floors!
  3197 | D:6      | Found an ornate altar of the Wu Jian Council.
  3362 | D:6      | Reached skill level 6 in Unarmed Combat
  3382 | D:6      | Found a snail-covered altar of Cheibriados.
  3410 | D:6      | Found a hazy altar of Hepliaklqana.
  3544 | D:5      | Found a runed translucent door.
  3545 | D:5      | Noticed Crazy Yiuf
  3845 | D:5      | Killed Crazy Yiuf
  4115 | D:6      | Found a white marble altar of Elyvilon.
  4585 | D:7      | Reached skill level 7 in Unarmed Combat
  4621 | D:7      | Found a glowing golden altar of the Shining One.
  4695 | D:7      | Found a staircase to the Ecumenical Temple.
  4716 | D:7      | Reached XP level 9. HP: 49/84 MP: 8/8
  4809 | D:7      | Noticed Joseph
  4818 | D:7      | Mangled by a +1 spectral quarterstaff

Illustrated notes

Levels and vault maps discovered:
D:1:      spicycebolla_arrival_risky_transporter, layout_basic,
          patterned_corridor
D:2:      layout_basic, shapermc_ecumenical_altar_mp_vishouse
D:3:      layout_basic, grunt_dithmenos_smoke_and_mirrors, uniq_jessica
D:4:      layout_basic, mainiacjoe_overflow_concentric_impassable
D:5:      layout_gridville, lemuel_round_altar, dk_noncrumbling_4,
          uniq_menkaure, uniq_ijyb, uniq_crazy_yiuf_cottage
D:6:      layout_loops_corners, kennysheep_mini_moat, old_standard_altar,
          slow_altar_1, old_standard_altar, kennysheep_big_empty_room,
          serial_bayou_crossing
D:7:      layout_cave_pools, nicolae_overflow_crystal_walls, led_sif_pool,
          minmay_temple_entry_overgrown, kennysheep_generic_room_16, uniq_joseph

Skill      XL: |  1  2  3  4  5  6  7  8 |
---------------+-------------------------+-----
Fighting       | 2 3 4 |  4.1
Dodging        | 2 3 4 |  4.1
Unarmed Combat | 3 4 5 7 |  7.1
Shapeshifting  | 4 5 6 |  6.5

Action                     |  1- 3 |  4- 6 |  7- 9 || total
---------------------------+-------+-------+-------++-------
  Melee: Unarmed           |   100 |   157 |   137 ||   394
         Punch             |       |     2 |     1 ||     3
 Armour: Animal skin       |    32 |    37 |    15 ||    84
  Dodge: Dodged            |    51 |    76 |    67 ||   194
         Form:             |     1 |       |       ||     1
         Beast             |     1 |       |       ||     1

Table legend: (Time is in decaauts)
 A = Elapsed time spent in this place.
 B = Non-inter-level travel time spent in this place.
 C = Inter-level travel time spent in this place.
 D = Time resting spent in this place.
 E = Time spent auto-exploring this place.
 F = Levels seen in this place.
 G = Mean time per level.
                   A        B        C        D        E       F      G
               +--------+--------+--------+--------+--------+-----+--------+
         Total |   4784 |   4510 |    274 |      0 |   3600 |   7 |  683.4 |
       Dungeon |   4784 |   4510 |    274 |      0 |   3600 |   7 |  683.4 |
               +--------+--------+--------+--------+--------+-----+--------+

Top non-repeatable levels by time:
     D:6: 881 daAuts
     D:4: 803 daAuts
     D:5: 755 daAuts
     D:3: 737 daAuts
     D:2: 732 daAuts
     D:1: 622 daAuts
     D:7: 252 daAuts
